 Dungeon Crawl Stone Soup version 0.29.0-7-g18a832c13a (webtiles) character file.

Game seed: 7247822408151123393

103841 Zeldest the Convoker (level 17, 0/146 HPs)
             Began as a Meteoran Summoner on Aug 30, 2022.
             Was the Champion of Cheibriados.
             Slain by a demonic crawler (4 damage)
             ... on level 3 of the Spider Nest.
             The game lasted 01:37:59 (8443 turns).

Zeldest the Convoker (Meteoran Summoner)            Turns: 8443, Time: 01:38:00

Health: 0/146      AC:  5    Str: 26      XL:     17   Next: 3%
Magic:  30/30      EV: 16    Int: 43      God:    Cheibriados [******]
Gold:   1287       SH:  9    Dex: 28 (29) Spells: 2/33 levels left

rFire   + + .      SeeInvis .   B - +2 spear (venom)
rCold   + . .      Faith    .   P - +2 buckler
rNeg    + . .      Spirit   .   e - +2 robe of Leapfrog {rPois rF+}
rPois   +          Reflect  .   Q - +0 hat {Int+3}
rElec   .          Harm     .   o - scarf {rC+ rF+}
rCorr   .          Rampage  .   m - +0 pair of gloves
Will    ++...                   (no boots)
Stlth   +.........              d - amulet of regeneration
HPRegen 1.14/turn               k - ring of wizardry
MPRegen 0.22/turn               R - ring of positive energy

@: glowing, very slow
A: sense surroundings 2, otherworldly, glowing, explore regen
}: 1/15 runes: decaying
a: Renounce Religion, Bend Time, Temporal Distortion, Slouch, Step From Time


You were on level 3 of the Spider Nest.
You worshipped Cheibriados.
Cheibriados was exalted by your worship.
You visited 5 branches of the dungeon, and saw 24 of its levels.
You also visited: Ossuary and Volcano.

You collected 1287 gold pieces.

Inventory:

Hand Weapons
 B - a +2 spear of venom (weapon)
Missiles
 A - 5 curare-tipped darts (quivered)
Armour
 e - the +2 robe of Leapfrog (worn) {rPois rF+}
   (You found it on level 2 of the Lair of Beasts)

   rF:        It protects you from fire.
   rPois:     It protects you from poison.
 f - the +2 cloak of the Thief {*Fog Slay-2 SInv Stlth+}
   (You found it on level 1 of the Spider Nest)

   It may release a thick cloud of smoke when the wearer is hurt.
   Slay:      It affects your accuracy & damage with ranged weapons and melee
   (-2).
   SInv:      It lets you see invisible.
   Stlth:     It makes you more stealthy.
 m - a +0 pair of gloves (worn)
 o - a scarf of resistance (worn)
 J - a scarf of repulsion
 N - a +2 robe of resistance
 P - a +2 buckler (worn)
 Q - a +0 hat of intelligence (worn)
 S - a +2 robe of willpower
 Y - the +2 scale mail "Ceporah" {rElec rF+ Regen+ SInv}
   (You found it on level 3 of the Swamp)

   rF:        It protects you from fire.
   rElec:     It insulates you from electricity.
   SInv:      It lets you see invisible.
   Regen:     It increases your rate of health regeneration.
Jewellery
 d - an amulet of regeneration (around neck)
 k - a ring of wizardry (left hand)
 F - a ring of resist corrosion
 R - a ring of positive energy (right hand)
 V - a ring of see invisible
Wands
 a - a wand of paralysis (9)
 n - a wand of digging (6)
 q - a wand of mindburst (19)
 z - a wand of roots (12)
 E - a wand of light (7)
Scrolls
 g - 3 scrolls of vulnerability
 i - 3 scrolls of immolation
 j - 2 scrolls of enchant armour
 l - 2 scrolls of torment {unknown}
 p - a scroll of silence {unknown}
 r - 2 scrolls of magic mapping {unknown}
 u - 3 scrolls of amnesia {unknown}
 v - 2 scrolls of fog
 y - a scroll of summoning {unknown}
 C - 5 scrolls of teleportation {unknown}
 K - 2 scrolls of poison {unknown}
 O - 3 scrolls of noise {unknown}
 W - a scroll of fear {unknown}
Potions
 c - 2 potions of attraction
 h - 6 potions of curing
 s - a potion of brilliance
 x - 7 potions of heal wounds
 G - a potion of lignification
 H - 2 potions of berserk rage
 I - 5 potions of mutation
 L - 3 potions of might
 M - a potion of flight
 U - 2 potions of resistance
Miscellaneous
 w - a lightning rod (4/4)


   Skills:
 - Level 11.9 Fighting
 - Level 14.0 Polearms
 - Level 5.1 Dodging
 - Level 1.4 Stealth
 - Level 5.0 Shields
 - Level 8.9 Spellcasting
 - Level 5.0 Hexes
 - Level 16.3 Summonings
 - Level 2.0 Translocations
 - Level 5.0 Ice Magic
 + Level 14.9 Air Magic
 - Level 13.0 Invocations


You had 2 spell levels left.
You knew the following spells:

 Your Spells              Type           Power      Damage    Failure   Level
a - Summon Small Mammal   Summ           100%       N/A       0%          1
b - Call Imp              Summ           100%       N/A       0%          2
c - Summon Ice Beast      Ice/Summ       84%        N/A       1%          4
d - Summon Mana Viper     Hex/Summ       84%        N/A       1%          5
e - Call Canine Familiar  Summ           100%       N/A       0%          3
f - Monstrous Menagerie   Summ           51%        N/A       1%          7
g - Apportation           Tloc           72%        N/A       1%          1
h - Maxwell's Capacitive  Air            49%        ∞         12%         8

Your spell library contained the following spells:

 Spells                   Type           Power      Damage    Failure   Level
 Ensorcelled Hibernation  Hex/Ice        100%       N/A       1%          2
 Static Discharge         Conj/Air       70%        3-12/arc  1%          2
 Dazzling Flash           Conj/Hex       80%        N/A       1%          3
 Inner Flame              Hex/Fire       40%        N/A       1%          3
 Summon Guardian Golem    Hex/Summ       84%        N/A       1%          3
 Cause Fear               Hex            29%        N/A       1%          4
 Summon Lightning Spire   Summ/Air       100%       N/A       1%          4
 Lightning Bolt           Conj/Air       35%        1d53      1%          5
 Silence                  Hex/Air        40%        N/A       1%          5
 Spider Form              Tmut/Pois      19%        N/A       2%          3
 Anguish                  Hex/Necr       20%        N/A       3%          4
 Iskenderun's Mystic Bla  Conj/Tloc      27%        2d7       6%          4
 Agony                    Necr           19%        N/A       22%         5
 Alistair's Intoxication  Tmut/Pois      12%        N/A       22%         5
 Starburst                Conj/Fire      9%         6d5       75%         6
 Discord                  Hex            29%        N/A       99%         8


Dungeon Overview and Level Annotations

Branches:
Dungeon (11/15) Zot: 2425  Temple (1/1) D:6 Zot: 703    Lair (5/5) D:8 Zot: 1431
  Swamp (4/4) Lair:3 Zot: 1801  Spider (3/4) Lair:2 Zot: 2376   Slime (0/5) Lair:5
    Orc (0/2) D:11        Ossuary (visited)         Volcano (visited)

Altars:
Cheibriados
Dithmenos
Elyvilon
Fedhas
Gozag
Hepliaklqana
Kikubaaqudgha
Makhleb
Nemelex Xobeh
Okawaru
Qazlal
Trog
Vehumet
Wu Jian
Xom
Jiyva

Shops:
D:8 =

Annotations:
Lair:5 1 runed translucent door


Innate Abilities, Weirdness & Mutations

You passively map the area around you.
You are easily found by Zot.
You glow in the dark.
You regain HP and MP as you explore.


Message History

You kill the jumping spider!
Cheibriados thoroughly appreciates the change of pace.
You feel extremely sick.
You have reached level 17!
You feel better.
You feel you are being watched by something.
You feel your power leaking away.
A tarantella comes into view.
The demonic crawler closely misses you. You block the demonic crawler's attack.
The demonic crawler hits you!
Casting: Monstrous Menagerie (dangerous; 1% risk of failure)
Confirm with . or Enter, or press ? or * to list all spells.
Okay, then.
The demonic crawler attacks as you move away!
You block the demonic crawler's attack. The demonic crawler hits you!
* * * LOW HITPOINT WARNING * * *
You block the demonic crawler's attack.
A meliai comes into view. It is wielding a +0 broad axe.
A wolf spider comes into view.
A culicivora comes into view.
You feel you are being watched by something.
You feel your power leaking away.
A tarantella comes into view.
The demonic crawler hits you but does no damage.
The demonic crawler closely misses you. The demonic crawler hits you.
* * * LOW HITPOINT WARNING * * *
Something hits you!
* * * LOW HITPOINT WARNING * * *
You feel clumsy. Something hits you.
* * * LOW HITPOINT WARNING * * *
You block something's attack.
The culicivora moves out of view.
The tarantella moves out of view.
You see here a demonic crawler corpse.
Okay, then.
Magic courses through your body.
The wolf spider's many legs skitter.
The demonic crawler hits you!
* * * LOW HITPOINT WARNING * * *
The demonic crawler closely misses you. The demonic crawler hits you.
You die...

*,, , .. ..#....
, , ..#.^#....,
, , ., #
,........., *
..,#. ....^.†. ,
, ...#.##.....#
* *
,,.#..........#,
, *,, *
....s.†.....# ,
, *#...†.s..#,
,,, ^ ,
,,....###†@†.#,
,, ,, , .
,#.<#.....#* * ,
, ##††§..... * *
, , ,.†......#,
, ,,...##..#.#,
*
,*^*^.^..,...ss,
, , ,, ,......
..#. , , , ,
......^. ..$ ,
,,* , ......$#.
... , ,,


You could see a demonic crawler, a wolf spider and a tarantella.

Vanquished Creatures
  Snorg (D:10)
  A fire dragon (Volcano)
  A hydra (Swamp:2)
  An alligator (Swamp:3)
  A goliath frog (Swamp:2)
  A pharaoh ant (Spider:1)
  The ghost of gdog the Covert, a novice GnDe (D:5)
  4 nameless horrors
  2 wolf spiders (Spider:1)
  A cane toad (Lair:3)
  A demonic crawler (Spider:3)
  A torpor snail (Lair:4)
  An unseen horror (D:10)
  2 komodo dragons
  2 freezing wraiths (Swamp:4)
  2 bloated husks (Swamp:2)
  A meliai (Lair:2)
  2 tyrant leeches (Swamp:4)
  A tarantella (Spider:3)
  A dream sheep (Lair:5)
  3 jumping spiders
  4 culicivoras (Spider:1)
  A wyvern (Lair:3)
  3 yaks (Lair:4)
  A vampire mosquito (D:7)
  5 redbacks
  4 hydra simulacra (Swamp:4)
  A water moccasin (Lair:5)
  A black bear (Lair:4)
  2 ogres
  A bullfrog (Lair:4)
  3 water moccasin zombies (Ossuary)
  2 centaur zombies (Ossuary)
  A lava snake (Lair:3)
  2 orc priests
  An iguana (Lair:3)
  An orc wizard (D:7)
  2 mummies (Ossuary)
  A white imp (D:7)
  An ufetubus (D:7)
  3 orcs
  A giant cockroach (D:4)
  A hobgoblin (D:4)
  A quokka (D:4)
  A bat (D:1)
  A kobold (D:3)
  A rat (D:1)
77 creatures vanquished.

Vanquished Creatures (collateral kills)
  Arachne (Spider:2)
  Kirke (Lair:3)
  2 thorn hunters
  A fenstrider witch (Swamp:4)
  The ghost of LustLizard the Unforgettable, an adept DjIE of Hepliaklqana (Swamp:2)
  The ghost of robertstho the Thaumaturge, a journeyman DjFE of Makhleb (Lair:5)
  A bunyip (Swamp:4)
  The ghost of Tollund the Zephyrmancer, a journeyman TeAE of Ashenzari (Lair:5)
  An entropy weaver (Spider:2)
  Josephine (Lair:3)
  4 boulder beetles
  13 hydras
  3 ice dragons (Swamp:4)
  Erica (D:10)
  9 two-headed ogres
  3 death yaks (Lair:4)
  4 alligators (Swamp:2)
  Nergalle (Lair:3)
  Sonja (D:11)
  3 steelbarb worms
  A sun moth (Spider:3)
  2 swamp dragons (Swamp:4)
  2 goliath frogs
  A lindwurm (Lair:3)
  Pikel (D:6)
  A deep elf pyromancer (D:10)
  2 wolf spiders
  3 salamanders (Volcano)
  3 cyclopes
  A moth of wrath (Spider:1)
  2 will-o-the-wisps (Swamp:4)
  7 elephants
  3 torpor snails
  A nameless horror (D:8)
  3 gargoyles
  Maggie (D:6)
  5 cane toads
  A rime drake (Lair:5)
  2 freezing wraiths (Swamp:4)
  Psyche (D:10)
  5 komodo dragons
  A polar bear (Lair:4)
  3 tarantellas
  11 blink frogs
  7 tyrant leeches
  7 hornets
  A queen bee (D:9)
  4 slime creatures (D:9)
  3 dream sheep (Lair:5)
  5 jumping spiders
  A culicivora (Spider:1)
  4 wraiths
  10 wyverns
  27 yaks
  3 spriggans
  2 basilisks
  5 fire bats (Volcano)
  6 hogs (Lair:3)
  11 redbacks
  A steam dragon (D:10)
  2 swamp worm simulacra (Swamp:4)
  6 swamp worms
  8 water moccasins
  Duvessa (D:6)
  2 hell hounds (Lair:5)
  4 orc warriors
  11 hydra simulacra (Swamp:4)
  A hornet zombie (Ossuary)
  4 ice beasts
  A sky beast (D:8)
  4 black bears
  5 ogres
  4 centaurs
  2 wolves (Lair:3)
  A phantom (D:4)
  2 kobold brigands (D:9)
  A wyvern zombie (Ossuary)
  10 bullfrogs
  5 scorpions
  2 water moccasin zombies (Ossuary)
  6 wights
  Dowan (D:6)
  16 killer bees
  A howler monkey (D:4)
  An electric eel (Lair:2)
  2 centaur zombies (Ossuary)
  2 bullfrog zombies (Ossuary)
  A lava snake (Lair:3)
  4 hounds
  2 jellies
  8 orc priests
  A gnoll bouda (D:7)
  Ijyb (D:4)
  An iguana (D:5)
  13 orc wizards
  A killer bee zombie (Ossuary)
  17 mummies (Ossuary)
  3 howler monkey zombies (Ossuary)
  8 gnolls
  6 adders
  A shadow imp (D:7)
  2 white imps
  6 swamp drake simulacra (Swamp:4)
  3 worms
  32 orcs
  2 ball pythons (D:3)
  2 endoplasms
  A giant cockroach (D:3)
  4 goblins
  2 hobgoblins
  A bat (D:3)
  A frilled lizard (D:3)
  13 kobolds
  3 rats
  2 briar patches (Swamp:4)
459 creatures vanquished.

Vanquished Creatures (others)
  A fenstrider witch (Swamp:2)
  An alligator (Swamp:3)
  A swamp dragon (Swamp:4)
  3 will-o-the-wisps
  A wolf (Lair:3)
  A briar patch (Swamp:4)
  A bush (Lair:4)
  12 foxfires (Swamp:4)
  20 fungi
  66 plants
  7 withered plants
114 creatures vanquished.

Grand Total: 650 creatures vanquished

Notes
Turn   | Place    | Note
-------+----------+-------------------------------------------
     0 | D:1      | Zeldest the Meteoran Summoner began the quest for the Orb.
     0 | D:1      | Reached XP level 1. HP: 14/14 MP: 5/5
   152 | D:1      | Reached skill level 5 in Summonings
   159 | D:1      | Reached XP level 2. HP: 22/22 MP: 6/6
   163 | D:1      | Learned a level 2 spell: Call Imp
   353 | D:3      | Reached XP level 3. HP: 22/27 MP: 3/8
   426 | D:2      | Reached skill level 1 in Fighting
   646 | D:4      | Noticed a howler monkey
   660 | D:4      | Killed a howler monkey
   661 | D:4      | Reached skill level 1 in Shields
   661 | D:4      | Reached skill level 1 in Hexes
   661 | D:4      | Reached skill level 1 in Ice Magic
   661 | D:4      | Reached XP level 4. HP: 26/35 MP: 5/9
   666 | D:4      | Learned a level 4 spell: Summon Ice Beast
   702 | D:4      | Noticed a wight
   709 | D:4      | Noticed a wight
   718 | D:4      | Noticed a wight
   720 | D:4      | Noticed a phantom
   746 | D:3      | Reached XP level 5. HP: 32/40 MP: 7/11
   798 | D:4      | Reached skill level 6 in Summonings
   798 | D:4      | Reached XP level 6. HP: 47/47 MP: 12/12
   834 | D:4      | Noticed Ijyb
   840 | D:4      | Noticed an ogre
   844 | D:4      | Killed Ijyb
   848 | D:4      | Killed an ogre
   849 | D:4      | Reached XP level 7. HP: 52/52 MP: 5/14
   960 | D:5      | Entered Level 5 of the Dungeon
   977 | D:5      | Learned a level 5 spell: Summon Mana Viper
  1039 | D:5      | Found a radiant altar of Vehumet.
  1049 | D:5      | Found a runed translucent gate.
  1049 | D:5      | Found a runed translucent gate.
  1049 | D:5      | Found a runed translucent gate.
  1049 | D:5      | Noticed gdog's ghost (novice GnDe)
  1065 | D:5      | Killed gdog's ghost
  1066 | D:5      | Reached skill level 5 in Spellcasting
  1066 | D:5      | Reached skill level 8 in Summonings
  1066 | D:5      | Reached XP level 8. HP: 47/59 MP: 6/16
  1174 | D:5      | Learned a level 3 spell: Call Canine Familiar
  1216 | D:5      | Reached skill level 9 in Summonings
  1216 | D:5      | Gained mutation: You passively map the area around you.
                  | [Meteoran growth]
  1216 | D:5      | Reached XP level 9. HP: 66/66 MP: 10/17
  1257 | D:5      | Reached skill level 5 in Hexes
  1319 | D:4      | Reached skill level 5 in Ice Magic
  1526 | D:6      | Noticed Duvessa
  1527 | D:6      | Noticed Dowan
  1535 | D:6      | Reached skill level 10 in Summonings
  1539 | D:6      | Killed Duvessa
  1540 | D:6      | Killed Dowan
  1558 | D:6      | Reached skill level 11 in Summonings
  1571 | D:6      | Found a white marble altar of Elyvilon.
  1591 | D:6      | Noticed Pikel
  1601 | D:6      | Killed Pikel
  1602 | D:6      | Reached skill level 12 in Summonings
  1607 | D:6      | Reached XP level 10. HP: 72/72 MP: 6/18
  1621 | D:6      | Noticed Maggie
  1625 | D:6      | Found a staircase to the Ecumenical Temple.
  1629 | D:6      | Killed Maggie
  1630 | D:6      | Reached skill level 13 in Summonings
  1656 | Temple   | Entered the Ecumenical Temple
  1778 | Temple   | Became a worshipper of Cheibriados the Contemplative
  2057 | D:7      | Reached skill level 1 in Invocations
  2154 | D:7      | Reached skill level 1 in Polearms
  2215 | D:7      | Noticed a cyclops
  2221 | D:7      | Killed a cyclops
  2250 | D:7      | Noticed a gargoyle
  2256 | D:7      | Reached * piety under Cheibriados
  2260 | D:7      | Killed a gargoyle
  2263 | D:7      | Reached skill level 14 in Summonings
  2268 | D:7      | Reached XP level 11. HP: 83/83 MP: 7/21
  2403 | D:7      | Reached skill level 1 in Air Magic
  2475 | D:7      | Learned a level 7 spell: Monstrous Menagerie
  2575 | D:7      | Found an opulent altar of Gozag.
  2622 | D:8      | Found Wippubae's Jewellery Boutique.
  2623 | D:8      | Noticed a nameless horror
  2674 | D:7      | Killed a nameless horror
  2764 | D:8      | Paralysed by a hornet for 1 turns
  2765 | D:8      | Noticed a nameless horror
  2773 | D:8      | Paralysed by a hornet for 3 turns
  2775 | D:8      | Reached ** piety under Cheibriados
  2785 | D:8      | Killed a nameless horror
  2869 | D:8      | Found a sand-covered staircase.
  2874 | Ossuary  | Entered an ossuary
  2896 | Ossuary  | Reached skill level 5 in Invocations
  2981 | Ossuary  | Reached skill level 5 in Fighting
  3240 | D:9      | Reached *** piety under Cheibriados
  3466 | D:9      | Reached **** piety under Cheibriados
  3607 | D:9      | Noticed a two-headed ogre
  3614 | D:9      | Killed a two-headed ogre
  3615 | D:9      | Reached skill level 5 in Air Magic
  3615 | D:9      | Reached XP level 12. HP: 74/96 MP: 7/23
  3617 | D:9      | Reached skill level 15 in Summonings
  3905 | D:10     | Entered Level 10 of the Dungeon
  3950 | D:10     | Noticed a two-headed ogre
  3957 | D:10     | Killed a two-headed ogre
  3990 | D:10     | Noticed a deep elf pyromancer
  4004 | D:10     | Killed a deep elf pyromancer
  4042 | D:10     | Noticed Psyche
  4045 | D:10     | Killed Psyche
  4130 | D:10     | Noticed Snorg
  4140 | D:10     | Killed Snorg
  4211 | D:10     | Reached skill level 5 in Polearms
  4301 | D:11     | Noticed Sonja
  4303 | D:11     | HP: 5/100 [Sonja/+2 short sword of distortion (2)]
  4314 | D:11     | Killed Sonja
  4408 | D:11     | Noticed a lindwurm
  4437 | D:11     | Found a staircase to the Orcish Mines.
  4557 | D:11     | Noticed a boulder beetle
  4578 | D:11     | Killed a boulder beetle
  4579 | D:11     | Reached XP level 13. HP: 81/107 MP: 13/24
  4649 | D:11     | Noticed a seven-headed hydra
  4652 | D:11     | Killed a seven-headed hydra
  4912 | D:10     | Noticed Erica
  4915 | D:10     | Found a bloodstained altar of Trog.
  4933 | D:10     | Killed Erica
  5260 | D:8      | Found a staircase to the Lair.
  5267 | Lair:1   | Entered Level 1 of the Lair of Beasts
  5307 | Lair:2   | Noticed a six-headed hydra
  5312 | Lair:2   | Killed a six-headed hydra
  5332 | Lair:2   | Noticed a boulder beetle
  5350 | Lair:2   | Killed a boulder beetle
  5426 | Lair:3   | Noticed Josephine
  5432 | Lair:3   | Reached skill level 16 in Summonings
  5436 | Lair:3   | Killed Josephine
  5436 | Lair:3   | Reached ***** piety under Cheibriados
  5437 | Lair:3   | Reached skill level 10 in Invocations
  5443 | Lair:3   | Noticed Kirke
  5458 | Lair:3   | Killed Kirke
  5520 | Lair:3   | Found a runed translucent door.
  5557 | Lair:3   | Found a runed translucent gate.
  5557 | Lair:3   | Noticed a boulder beetle
  5575 | Lair:3   | Found a runed translucent gate.
  5583 | Lair:3   | Found a runed translucent gate.
  5583 | Lair:3   | Found a runed translucent gate.
  5583 | Lair:3   | Found a runed translucent gate.
  5584 | Lair:3   | Noticed a boulder beetle
  5585 | Lair:3   | Found a runed translucent gate.
  5597 | Lair:3   | Killed a boulder beetle
  5600 | Lair:3   | Killed a boulder beetle
  5675 | Lair:3   | Noticed Nergalle
  5685 | Lair:3   | Killed Nergalle
  5820 | Lair:5   | Entered Level 5 of the Lair of Beasts
  5844 | Lair:5   | Reached XP level 14. HP: 118/118 MP: 20/25
  5928 | Lair:5   | Identified the +1 leather armour of Hubris {Int+6}
  5954 | Lair:5   | Found a dark tunnel.
  5975 | Volcano  | Entered a volcano
  6018 | Volcano  | Reached skill level 10 in Fighting
  6020 | Volcano  | Reached skill level 10 in Air Magic
  6182 | Volcano  | Noticed a fire dragon
  6186 | Volcano  | Killed a fire dragon
  6248 | Lair:5   | Noticed a dire elephant
  6271 | Lair:5   | Found a runed translucent door.
  6272 | Lair:5   | Found a viscous altar of Jiyva.
  6274 | Lair:5   | Found a staircase to the Slime Pits.
  6304 | Lair:5   | Found a runed translucent gate.
  6305 | Lair:5   | Found a runed translucent gate.
  6306 | Lair:5   | Found a runed translucent gate.
  6307 | Lair:5   | Noticed Tollund's ghost (journeyman TeAE)
  6307 | Lair:5   | Noticed robertstho's ghost (journeyman DjFE)
  6331 | Lair:5   | Killed robertstho's ghost
  6332 | Lair:5   | Reached skill level 10 in Polearms
  6332 | Lair:5   | Killed Tollund's ghost
  6437 | Lair:4   | Reached ****** piety under Cheibriados
  6476 | Lair:4   | Reached XP level 15. HP: 129/129 MP: 15/26
  6653 | Lair:4   | Learned a level 1 spell: Apportation
  7001 | Lair:3   | Found a staircase to the Swamp.
  7019 | Swamp:1  | Entered Level 1 of the Swamp
  7042 | Swamp:1  | Noticed a thorn hunter
  7046 | Swamp:1  | Killed a thorn hunter
  7059 | Swamp:2  | Noticed a fenstrider witch
  7060 | Swamp:2  | Killed a fenstrider witch
  7061 | Swamp:2  | Reached skill level 1 in Translocations
  7113 | Swamp:2  | Found a runed translucent door.
  7113 | Swamp:2  | Noticed LustLizard's ghost (adept DjIE)
  7139 | Swamp:2  | Killed LustLizard's ghost
  7140 | Swamp:2  | Reached skill level 5 in Shields
  7195 | Swamp:2  | Reached skill level 5 in Dodging
  7242 | Swamp:3  | Identified the +2 scale mail "Ceporah" {rElec rF+ Regen+
                  | SInv}
  7289 | Swamp:4  | Entered Level 4 of the Swamp
  7294 | Swamp:4  | Reached XP level 16. HP: 124/139 MP: 23/29
  7302 | Swamp:4  | Noticed a thorn hunter
  7303 | Swamp:4  | Learned a level 8 spell: Maxwell's Capacitive Coupling
  7308 | Swamp:4  | Killed a thorn hunter
  7538 | Swamp:4  | Noticed a fenstrider witch
  7539 | Swamp:4  | Killed a fenstrider witch
  7690 | Swamp:4  | Noticed an azure jelly
  7846 | Swamp:4  | Got a decaying rune of Zot
  8166 | Lair:2   | Identified the +2 robe of Leapfrog {rPois rF+}
  8211 | Lair:2   | Found a hole to the Spider Nest.
  8234 | Spider:1 | Entered Level 1 of the Spider Nest
  8273 | Spider:1 | Found the +2 cloak of the Thief {*Fog Slay-2 SInv Stlth+}
  8359 | Spider:2 | Noticed Arachne
  8367 | Spider:2 | Killed Arachne
  8441 | Spider:3 | Reached XP level 17. HP: 48/146 MP: 19/30
  8443 | Spider:3 | HP: 4/146 [demonic crawler (10)]
  8443 | Spider:3 | Slain by a demonic crawler

Illustrated notes

Levels and vault maps discovered:
D:1:      minmay_arrival_open_corners, layout_basic, grunt_decor_arrowhead,
          nicolae_eternal_life
D:2:      layout_basic, basic_altar, minmay_misc_feat_nine_boxes,
          dreamdust_princess_bridge
D:3:      layout_loops_ring
D:4:      nicolae_cairo_tiling_large, layout_layer_cave,
          nicolae_ru_the_path_less_chosen, st_stairs_1, uniq_ijyb
D:5:      layout_basic, lemuel_doored_altar, ebering_ghost_rock_garden,
          hex_intersection
D:6:      layout_cave_pools, kennysheep_mini, amcnicky_altar_gilded,
          minmay_temple_entry_slanted, uniq_duvessa, uniq_pikel, uniq_maggie,
          uniq_eustachio
D:7:      minmay_the_grid_four_pointed_star
          [minmay_the_grid_triangle_9x9_wacky_v,
          minmay_the_grid_triangle_9x9_odd_lines,
          minmay_the_grid_triangle_9x9_alien,
          minmay_the_grid_triangle_9x9_minimal, minmay_the_grid_prize_big_room],
          layout_loops_cross, mainiacjoe_overflow_brackets
D:8:      layout_layer_cave, dpeg_oklobed_lair, serial_shops, shop_coins,
          enter_ossuary_5
D:9:      layout_grid_maze, nicolae_looking_at_the_future
D:10:     layout_roguey, tgw_trog, uniq_erica, uniq_psyche, uniq_snorg
D:11:     layout_long_grid, erik_orc_4, minmay_lindwurm_lava, uniq_sonja
Temple:   nicolae_temple_slightly_damp_pantheon
Lair:1:   layout_long_grid, lemuel_fruit_tree
Lair:2:   layout_cave_pods, hellmonk_spider_entry_not_the_bees,
          eino_small_chamber_without_monster, serial_bayou_lake_a,
          lemuel_fruit_fields
Lair:3:   gammafunk_indiana_jones, layout_chaotic_city,
          palyth_hydra_swamp_entry, nzn_random_ring, uniq_nergalle, uniq_kirke,
          uniq_josephine
Lair:4:   layout_roguey, nicolae_lair_grove_arrangements, minivault_11
Lair:5:   due_jungle_book, layout_regular_city, slime_entry_2, enter_volcano_3,
          gammafunk_ghost_cemetery, nicolae_lair_time_for_slime
Swamp:1:  layout_falls_marsh, evilmike_swamp_ruin_wall
Swamp:2:  nicolae_swamp_husk_halls, layout_falls_marsh,
          hellmonk_ghost_happy_afterlife, serial_swamp_ruin,
          evilmike_swamp_ruin_house_6, evilmike_swamp_ruin_house_4,
          evilmike_swamp_ruin_rubble_1
Swamp:3:  layout_basic_swamp, nicolae_swamp_well_well_well
Swamp:4:  swamp_icy, layout_basic_swamp, swamp_pool1,
          nicolae_swamp_orc_logging_accident
Spider:1: layout_spider_delve, hangedman_spider_tarantella_strand
Spider:2: layout_spider_delve, uniq_arachne
Spider:3: layout_spider_delve

Skill      XL: |  1  2  3  4  5  6  7  8  9 10 11 12 13 14 15 16 |
---------------+-------------------------------------------------+-----
Summonings     | 5 6 8 9 12 14 15 16 | 16.3
Spellcasting   | 3 4 5 6 7 8 |  8.9
Fighting       | 1 3 6 7 9 11 | 11.9
Shields        | 1 2 5 |  5.0
Hexes          | 1 2 4 5 |  5.0
Ice Magic      | 1 2 3 4 5 |  5.0
Invocations    | 3 7 9 11 12 13 | 13.0
Polearms       | 3 5 8 10 11 14 | 14.0
Air Magic      | 5 7 9 11 12 14 | 14.9
Dodging        | 3 5 |  5.1
Translocations | 2 |  2.0
Stealth        | |  1.4

Action                   |  1- 3 |  4- 6 |  7- 9 | 10-12 | 13-15 | 16-18 || total
-------------------------+-------+-------+-------+-------+-------+-------++-------
Melee: Unarmed           |    11 |       |       |       |       |       ||    11
       Dagger            |    22 |    16 |    22 |     4 |       |       ||    64
       Short sword       |     1 |       |       |       |       |       ||     1
       Spear             |       |       |       |   147 |   132 |    72 ||   351
 Cast: Summon Small Mamm |    19 |     6 |     4 |       |       |       ||    29
       Call Imp          |     9 |     3 |     4 |     1 |       |       ||    17
       Summon Ice Beast  |       |     6 |    11 |    16 |    29 |    19 ||    81
       Summon Mana Viper |       |       |    11 |    28 |    51 |    17 ||   107
       Call Canine Famil |       |       |     4 |    31 |    38 |     8 ||    81
       Monstrous Menager |       |       |       |    23 |    48 |    44 ||   115
       Apportation       |       |       |       |       |     6 |     8 ||    14
Invok: Slouch            |       |       |       |     2 |     5 |     3 ||    10
       Step From Time    |       |       |       |       |       |     2 ||     2
Evoke: Wand              |       |       |       |       |     2 |     2 ||     4
       Lightning rod     |       |       |       |       |       |     4 ||     4
  Use: Scroll            |       |       |     3 |    12 |     5 |     1 ||    21
       Potion            |       |       |       |     6 |     1 |     7 ||    14
 Stab: Distracted        |     1 |       |       |     2 |     8 |     5 ||    16
       Invisible         |       |       |       |       |     2 |       ||     2
       Paralysed         |       |       |       |       |     5 |     4 ||     9
Armor: Robe              |    17 |     4 |     5 |    47 |    60 |    16 ||   149
       Skin              |       |       |       |    19 |       |       ||    19
       Swamp dragon scal |       |       |       |       |       |     5 ||     5
Dodge: Dodged            |    25 |    14 |    21 |    93 |   135 |    78 ||   366
Block: Buckler           |    18 |     4 |    13 |    60 |   128 |    46 ||   269
